[Event "*** SCC Grand Prix: Titled Tuesday Blitz"]
[Site "Chess.com"]
[Date "2020.07.07"]
[Round "10"]
[White "Tsyhanchuk_Stanislav"]
[Black "ValentinDragnev"]
[Result "1-0"]
[WhiteElo "2442"]
[BlackElo "2710"]
[TimeControl "180+1"]
[EndTime "11:59:42 PDT"]
[Termination "Tsyhanchuk_Stanislav won on time"]

1. e4 e6 2. d4 d5 3. Nc3 Bb4 4. Bd2 Nf6 5. e5 Bxc3 6. bxc3 Ne4 7. Qg4 Kf8 8. Nf3 b6 9. Bd3 Nxd2 10. Nxd2 Ba6 11. O-O Bxd3 12. cxd3 Nd7 13. f4 h5 14. Qh3 g6 15. Nf3 Kg7 16. Ng5 Nf8 17. Rf2 Nh7 18.
Nf3 c5 19. Raf1 cxd4 20. Nxd4 Rc8 21. f5 exf5 22. e6 Ng5 23. Qg3 h4 24. Qe5+ f6 25.
Qe3 h3 26. g4 fxg4 27. Rxf6 Nf3+ 28. R1xf3 gxf3 29. Rf7+ Kg8 30. Qe5 Rh7 31. e7 f2+ 32. Kf1 Rxf7 33. exd8=Q+ Rxd8 34. Qe6 Kg7 35. Qe5+ Kg8 36.
Nc6 Rdf8 37. Ne7+ Kh7 38. Nxd5 Rf5 39. Qe7+ R8f7 40. Qe4 Rg5 41. Nf4 Rgf5 42. Nxh3 Kg8 43. Qe8+ Kg7 44. Qe4 Kg8 45. Qe8+ Kg7 46. Qe3 Rf3 47.
Qd4+ Kg8 48. Nxf2 b5 49. Kg2 R3f4 50. Qd8+ Kg7 51. Ne4 Rg4+ 52. Kh3 Rgf4 53. Qd4+ Kg8 54. Qd8+ Kg7 55. Qd5 Rf3+ 56. Ng3 a6 57. c4 bxc4 58. dxc4 R3f4 59. Qe5+ Kg8 60. c5 Rf2 61. Qe8+ Kg7 62.
Qe5+ Kg8 63. c6 Rh7+ 64. Kg4 Rfxh2 65. Qe8+ Kg7 66. Qe7+ Kg8 67. Qe6+ Kg7 68. c7 R2h4+ 69. Kf3 Rh8 70. c8=Q Rxc8 71. Qxc8 Rb4 72. Qc3+ 1-0

[Event "*** SCC Grand Prix: Titled Tuesday Blitz"]
[Site "Chess.com"]
[Date "2020.07.07"]
[Round "10"]
[White "natelleka"]
[Black "Safar_From_Afar"]
[Result "0-1"]
[WhiteElo "2102"]
[BlackElo "2161"]
[TimeControl "180+1"]
[EndTime "11:59:42 PDT"]
[Termination "Safar_From_Afar won by checkmate"]

1. e4 e5 2. Nf3 Nc6 3. Bb5 a6 4. Ba4 d6 5. c3 g6 6. O-O Bd7 7. d4 b5 8. Bb3 Bg7 9. Bg5 Nf6 10. h3 O-O 11. Re1 h6 12. Bh4 Re8 13. Bd5 Rb8 14. Nbd2 g5 15. Bg3 exd4 16. Bxc6 dxc3 17.
Bxd7 cxd2 18. Qxd2 Qxd7 19. Rad1 Nxe4 20. Qc2 Nxg3 21. fxg3 Rxe1+ 22. Rxe1 c5 23. Qd2 d5 24. Rd1 d4 25. b4 cxb4 26. Qxb4 Rd8 27. Kh2 d3 28.
Qd2 Qd5 29. Ne1 Qe4 30. Nxd3 a5 31. Qc2 b4 32. Qd2 a4 33. Qc2 b3 34. axb3 a3 35.
Qd2 a2 36. Qc2 Rxd3 37. Rxd3 a1=Q 38. Rd8+ Bf8 39. Qxe4 Qf6 40. Qb4 Qxd8 41. Qc4 Qe7 42.
Qc3 Qd6 43. Qc4 Qe6 44. Qc3 Qd7 45. Qc4 Qd8 46. Qc3 Bg7 47. Qc4 Qf6 48. Qc5 Kh7 49.
Qc2+ Qg6 50. Qc4 Qf6 51. b4 Kg8 52. b5 Qe6 53. Qc6 Be5 54. Qc2 Qd6 55. Qb3 h5 56. b6 h4 57. b7 Bxg3+ 58. Kg1 Qe5 59. Qb4 Qe3+ 60. Kh1 Qc1+ 61. Qe1 Qxe1# 0-1

[Event "*** SCC Grand Prix: Titled Tuesday Blitz"]
[Site "Chess.com"]
[Date "2020.07.07"]
[Round "10"]
[White "Fusikk"]
[Black "ARMQUEEN"]
[Result "1/2-1/2"]
[WhiteElo "2544"]
[BlackElo "2436"]
[TimeControl "180+1"]
[EndTime "11:59:44 PDT"]
[Termination "Game drawn by repetition"]

1. d4 Nf6 2. c4 c5 3. d5 e6 4.
Nc3 exd5 5. cxd5 d6 6. Nf3 g6 7. Nd2 Bg7 8. e4 O-O 9. Be2 a6 10.
a4 Ne8 11. O-O f5 12. exf5 Bxf5 13. Nc4 Nd7 14. Bf4 Nb6 15. Ne3 Qf6 16. Bg3 Nd7 17. Nc4 Rd8 18. a5 Ne5 19. Bxe5 dxe5 20. Qb3 Bc8 21.
d6 Kh8 22. Ne4 Qf4 23. f3 Qf7 24. Qc2 Bf5 25. Rad1 Qd7 26. Bd3 Qc6 27. Qf2 Be6 28.
b3 Bxc4 29. Bxc4 Nxd6 30. Bd5 Nxe4 31. Bxe4 Qb5 32. Qa2 Qb4 33. Qa4 Qc3 34. Bxb7 e4 35. Bxe4 Bd4+ 36. Kh1 Rb8 37. Qc4 Qxb3 38. Qxa6 Qa4 39.
Qd3 Rfd8 40. h4 Bf6 41. Qc2 Qxc2 42. Bxc2 Bc3 43. Rxd8+ Rxd8 44. a6 Ra8 45. Bd3 Kg7 46. Bc4 Kf6 47. Rb1 Bb4 48. Rd1 Ke7 49. Rd5 Ra7 50.
g4 Kf6 51. Kg2 Ke7 52. Kg3 Rc7 53. Kf4 Ba5 54. Ke5 Bc3+ 55. Ke4 Ba5 56. Kd3 Bb6 57. Kc2 Ba7 58. Kb3 Kf6 59. Ka4 Re7 60. Kb5 Rc7 61. f4 Ke7 62. g5 Rc8 63. Re5+ Kd8 64. Re6 Rb8+ 65. Kc6 Rb6+ 66. Kd5 Rb1 67. Kc6 Rb6+ 68. Kd5 Rb1 69. Rf6 Kc7 70. Rf7+ Kb8 71. Rf8+ Kc7 72. Rf7+ Kb8 73. Kc6 Rb6+ 74. Kd5 Rb1 1/2-1/2

[Event "*** SCC Grand Prix: Titled Tuesday Blitz"]
[Site "Chess.com"]
[Date "2020.07.07"]
[Round "10"]
[White "DeviatkinAndrey"]
[Black "Nf3c5"]
[Result "1-0"]
[WhiteElo "2752"]
[BlackElo "2620"]
[TimeControl "180+1"]
[EndTime "11:59:46 PDT"]
[Termination "DeviatkinAndrey won by checkmate"]

1. d4 Nf6 2. Nf3 g6 3. Bg5 Bg7 4. Nbd2 d5 5. c3 O-O 6. e3 c5 7. Bd3 Nc6 8. h3 h6 9. Bh4 Qb6 10. Rb1 Nd7 11. O-O e5 12. dxe5 Ndxe5 13. Nxe5 Nxe5 14.
Be2 Bf5 15. e4 dxe4 16. g4 Be6 17. Nxe4 Bxa2 18. Ra1 Qxb2 19. Be7 Rfe8 20. Nf6+ Bxf6 21.
Bxf6 Re6 22. g5 hxg5 23. Bxg5 Bc4 24. Bxc4 Nxc4 25. Qd5 Re5 26. Qg2 Nd2 27. f4 Re6 28. f5 Rd6 29. Bf4 Rd7 30. fxg6 fxg6 31. Ra6 bxa6 32. Qxa8+ Kh7 33. Be5 Nf3+ 34. Qxf3 Qb6 35. c4 Qe6 36. Qf4 g5 37. Qxg5 Qg6 38. Qxg6+ Kxg6 39. Rf6+ Kg5 40. Rxa6 Rd1+ 41. Kg2 Rc1 42. Bg3 Rc2+ 43.
Bf2 Rxc4 44. Rxa7 Rc2 45. Ra5 Kh5 46. Rxc5+ Rxc5 47. Bxc5 Kh4 48. Be7+ Kh5 49. Kg3 Kg6 50. Kg4 Kh6 51. Bg5+ Kg6 52. h4 Kg7 53. h5 Kh7 54. Kf5 Kg7 55. Bf6+ Kh7 56. Kg5 Kg8 57. Kg6 Kf8 58.
h6 Ke8 59. h7 Kd7 60. h8=Q Ke6 61. Qh5 Kd6 62. Qe5+ Kd7 63. Qe7+ Kc6 64. Qd8 Kc5 65. Qd7 Kc4 66. Qd6 Kb5 67. Qc7 Kb4 68. Qc6 Kb3 69.
Qc5 Ka4 70. Qb6 Ka3 71. Bc3 Ka2 72. Qb2# 1-0

[Event "*** SCC Grand Prix: Titled Tuesday Blitz"]
[Site "Chess.com"]
[Date "2020.07.07"]
[Round "10"]
[White "gui_borba"]
[Black "karinachess1"]
[Result "0-1"]
[WhiteElo "2357"]
[BlackElo "2507"]
[TimeControl "180+1"]
[EndTime "11:59:52 PDT"]
[Termination "karinachess1 won by resignation"]

1. d4 Nf6 2. Bf4 e6 3. e3 d5 4. c3 Bd6 5. Bg3 c5 6. Nf3 Qc7 7. Nbd2 Nbd7 8. Bd3 O-O 9. O-O e5 10. e4 exd4 11. cxd4 dxe4 12. Nxe4 Nxe4 13. Bxe4 Nf6 14.
Bc2 Bxg3 15. hxg3 Bg4 16. dxc5 Rad8 17. Qc1 Rd5 18. b4 Rh5 19. Re1 Qc6 20. Qf4 Be6 21.
Rad1 Nd5 22. Qe4 Qc8 23. Qd4 Nf6 24. a3 a5 25. Ne5 axb4 26. axb4 Bd5 27. g4 Rh4 28. f3 Be6 29. Qf2 g5 30. Nd3 Nd5 31.
Bb3 Rd8 32. Ne5 Qc7 33. Bxd5 Rxd5 34. Qe3 f6 35. Rxd5 Bxd5 36. Nd3 Qh2+ 37. Kf1 Bf7 38. Qf2 Qc7 39. Ke2 Kg7 40. Kd2 Qd7 41. Kc2 Bg6 42.
Qe3 Rh2 43. Re2 h5 44. Kc3 hxg4 45. fxg4 Rh8 46. Qe7+ Qxe7 47. Rxe7+ Kh6 48. Rxb7 Rd8 49. Nb2 Re8 50. c6 Re2 51. b5 Rc2+ 52. Kb3 Rc1 53. c7 Be4 54. Nd3 Bxd3 55. b6 Be4 56. Rb8 Bd5+ 57. Kb2 Be6 58. c8=Q Rxc8 59. Rxc8 Bxc8 60. Kc3 Kg6 61. Kd4 Bb7 62. Kc5 f5 63. gxf5+ Kxf5 64. Kd6 Bxg2 65. Kc7 g4 0-1

[Event "*** SCC Grand Prix: Titled Tuesday Blitz"]
[Site "Chess.com"]
[Date "2020.07.07"]
[Round "10"]
[White "Artem_Sadovsky"]
[Black "coalescenet"]
[Result "1-0"]
[WhiteElo "2537"]
[BlackElo "2409"]
[TimeControl "180+1"]
[EndTime "11:59:58 PDT"]
[Termination "Artem_Sadovsky won by resignation"]

1. Nf3 d5 2. g3 Nf6 3. Bg2 e6 4. O-O Be7 5. c4 O-O 6. b3 b6 7.
Bb2 Bb7 8. d3 c5 9. Nbd2 Na6 10.
Qc2 Nb4 11. Qb1 d4 12. a3 Na6 13. b4 Bd6 14. b5 Nc7 15. Ng5 Qc8 16. Nge4 Nxe4 17. Bxe4 e5 18. a4 f5 19. Bxb7 Qxb7 20.
a5 Ne6 21. axb6 axb6 22. Qc2 Ng5 23. h4 Nf7 24. Rxa8 Rxa8 25. Ra1 g6 26. Ra4 Ra7 27. Bc1 Qa8 28. Rxa7 Qxa7 29. Nb3 Kg7 30. Qb2 Qb7 31. Qa2 e4 32. Qa6 Nd8 33. Bg5 Qxa6 34. bxa6 Nc6 35. Bd8 Bb8 36. Bxb6 exd3 37. exd3 Nb4 38. a7 Bxa7 39. Bxa7 Nxd3 40. Bxc5 Kf7 41. Bxd4 f4 42. Kf1 fxg3 43. fxg3 h6 44. Ke2 Nb4 45. Kd2 g5 46. hxg5 hxg5 47. g4 Nc6 48. Bc3 Ke6 49. Kd3 Nd8 50. Nd2 Nf7 51. Ne4 Kd7 52. Bf6 Kc6 53. Bxg5 Ne5+ 54. Kc3 Nxg4 55. Bf4 Kd7 56. Kd4 Ke6 57. c5 Kd7 58. Kd5 Kd8 59. c6 Kc8 60. Ke6 Kd8 61. Kf5 Ne3+ 62. Ke6 Nc4 63. Kd5 Nb6+ 64.
Kc5 Na8 65. Nd6 Kc7 66. Nc4+ Kc8 67. Bd6 Nc7 68. Nb6+ Kb8 69. Nd7+ Kc8 70. Nb6+ Kb8 71. Nd5 Kc8 72. Nxc7 Kb8 73. Kb6 Kc8 74. Nd5 Kd8 75.
Nb4 Kc8 76. Bc5 Kd8 77. Bd4 Kc8 78. Bc3 Kd8 79. Nc2 Kc8 80. Bb2 Kd8 81. Bc1 Kc8 82. Na1 Kd8 83. Bb2 Kc8 84. Ba3 Kb8 85. Kb5 Kc8 86. Kc5 Kb8 87. Kd5 Kc8 88. Bb4 Kd8 89. Bc3 Kc8 90. Bd4 Kd8 91. Nb3 Kc7 92. Nd2 Kc8 93. Ne4 Kd8 94. Kc4 Kc7 95. Kb5 Kc8 96. Nc5 Kd8 97. Na6 Kc8 98. Kb6 Kd8 99. Kb7 Ke7 100.
Ba7 Kd6 101. c7 Kd5 1-0

[Event "*** SCC Grand Prix: Titled Tuesday Blitz"]
[Site "Chess.com"]
[Date "2020.07.07"]
[Round "10"]
[White "Vaathi_Coming"]
[Black "Micki-taryan"]
[Result "1-0"]
[WhiteElo "2919"]
[BlackElo "3038"]
[TimeControl "180+1"]
[EndTime "11:59:59 PDT"]
[Termination "Vaathi_Coming won by checkmate"]

1. Nf3 Nf6 2. d4 e6 3. Bg5 h6 4. Bxf6 Qxf6 5. Nc3 Bb4 6. e4 Nc6 7. a3 Bxc3+ 8. bxc3 e5 9. Bb5 O-O 10. Bxc6 Qxc6 11.
Qd3 d6 12. O-O Re8 13. Nd2 exd4 14. cxd4 d5 15. e5 Qg6 16. Qe3 Bf5 17. c3 c6 18. f4 b6 19. h3 h5 20. Kh2 Rac8 21.
Nf3 c5 22. Nh4 Qh7 23. Rac1 Rc6 24. Qd2 Rec8 25. c4 cxd4 26. cxd5 Rc3 27. Nf3 Rxc1 28. Rxc1 Rxc1 29. Qxc1 d3 30. Qc7 g5 31. Qd8+ Kg7 32.
Qf6+ Kg8 33. e6 fxe6 34. Qd8+ Kg7 35. Nxg5 Qg6 36. dxe6 Bxe6 37. Qd4+ Kg8 38. Qd8+ Kg7 39. Qe7+ Bf7 40. Qe5+ Qf6 41. Qe3 Bg6 42. Ne6+ Kh6 43. Ng5 Bf5 44. Nf3 Qd6 45. Ne5 Kg7 46. Qg3+ Kf8 47.
Nc4 Qd4 48. Nd2 Qc3 49. Qe3 h4 50. Nf3 Qf6 51. Qd2 a5 52. Ne5 Kg7 53. Qc3 Be4 54. Qc7+ Kg8 55. Qc8+ Kg7 56. Qg4+ Kh7 57. Qh5+ Kg7 58. Qg4+ Bg6 59. Qd7+ Kg8 60. Qd4 Bf5 61. Qd5+ Kg7 62. Nf3 a4 63. Ne5 Kh7 64. Qd4 Kg7 65.
Qd5 Bh7 66. Qb7+ Kh6 67. Ng4+ Kg6 68. Nxf6 Bg8 69. Nxg8 d2 70. Ne7+ Kf6 71. Qd5 Kxe7 72. Qxd2 b5 73. Qb4+ Kf6 74. Qxb5 Kg6 75. Qc5 Kh6 76.
Qb5 Kg6 77. Kg1 Kf6 78. Kf2 Kg6 79. Kf3 Kh6 80. Kg4 Kg6 81. Kxh4 Kf6 82. Kg4 Ke6 83.
Qe5+ Kf7 84. h4 Kf8 85. Kg5 Kg8 86. Qe7 Kh8 87. Kg6 Kg8 88. Qe8# 1-0

[Event "*** SCC Grand Prix: Titled Tuesday Blitz"]
[Site "Chess.com"]
[Date "2020.07.07"]
[Round "10"]
[White "Mikhail_Golubev"]
[Black "dopolian"]
[Result "1/2-1/2"]
[WhiteElo "2588"]
[BlackElo "2427"]
[TimeControl "180+1"]
[EndTime "11:59:59 PDT"]
[Termination "Game drawn - insufficient material"]

1. e4 e5 2. Nf3 Nc6 3. Nc3 Nf6 4.
d4 exd4 5. Nxd4 Bb4 6. Nxc6 bxc6 7.
Bd3 d5 8. exd5 cxd5 9. O-O O-O 10. Bg5 c6 11. Na4 Be6 12. c3 Be7 13. Re1 h6 14.
Bh4 Nd7 15. Bxe7 Qxe7 16. Bc2 Nb6 17. Qd3 g6 18. Nxb6 axb6 19. Qe3 Qg5 20. Qxg5 hxg5 21. Bxg6 Kg7 22. Bd3 Kf6 23. h3 b5 24. f3 Rfe8 25. a3 Bf5 26. Bf1 Red8 27. Rad1 Ra7 28. Kf2 Rad7 29. Ke3 Re7+ 30. Kd4 Red7 31. Kc5 Rd6 32. Rd4 Bc2 33. h4 gxh4 34. Rxh4 Bg6 35. a4 bxa4 36.
Rxa4 Re6 37. Rxe6+ fxe6 38. Kxc6 e5 39. Kc7 Rh8 40.
Ra6+ Kf7 41. Kd6 Rh1 42. Bb5 d4 43. cxd4 exd4 44. Ke5 d3 45. Rd6 Rd1 46. Kf4 Rd2 47. g4 Kg7 48. b3 Kh7 49. b4 Kg7 50. Bc4 Rb2 51. b5 Rb4 52. Rc6 d2 53. Rc7+ Kf6 54.
Rd7 Rxc4+ 55. Ke3 Rb4 56. Rd6+ Kf7 57. Rxd2 Rxb5 58. Rd7+ Ke6 59. Ra7 Rb3+ 60. Kf4 Rb4+ 61. Kg5 Bd3 62. f4 Be2 63. f5+ Ke5 64. Ra5+ Kd6 65.
f6 Rxg4+ 66. Kf5 Rg2 67. Ra3 Rf2+ 68. Kg6 Bc4 69. Rc3 Bd5 70. Rd3 Ke5 71. Re3+ Be4+ 72. Rxe4+ Kxe4 73. f7 Ke5 74. Kg7 Rg2+ 75. Kh7 Rh2+ 76.
Kg8 Rg2+ 77. Kh8 Rh2+ 78. Kg8 Rg2+ 79. Kh8 Rf2 80. Kg8 Ke6 81. f8=Q Rxf8+ 82. Kxf8 1/2-1/2

[Event "*** SCC Grand Prix: Titled Tuesday Blitz"]
[Site "Chess.com"]
[Date "2020.07.07"]
[Round "10"]
[White "TioCridineno"]
[Black "zajka-molotok"]
[Result "1/2-1/2"]
[WhiteElo "2151"]
[BlackElo "2426"]
[TimeControl "180+1"]
[EndTime "12:00:01 PDT"]
[Termination "Game drawn by repetition"]

1. e4 d6 2. d4 Nf6 3. Nc3 c6 4. a4 e5 5. Nf3 Nbd7 6. Be2 Be7 7.
O-O O-O 8. Re1 Re8 9. Bf1 Bf8 10. b3 exd4 11. Nxd4 Nc5 12. f3 d5 13. exd5 Rxe1 14. Qxe1 Nxd5 15. Nxd5 Qxd5 16. Bb2 Bd7 17. Bc4 Qh5 18.
Rd1 Re8 19. Qf2 Bc8 20. Qg3 Qg6 21. Qxg6 hxg6 22. Kf2 Nd7 23. Re1 Rxe1 24. Kxe1 Bd6 25. g3 Be5 26. Bc3 Nb6 27. Ne2 Nxc4 28. bxc4 Bb8 29. f4 f6 30. Kd2 Be6 31. Kd3 Kf7 32. Nd4 Bd7 33. c5 Bc7 34. a5 Bh3 35. Ke3 Bf1 36.
Kf2 Bc4 37. Ke3 Bd8 38. h4 Be7 39. Bb4 Bd8 40. c3 g5 41. hxg5 fxg5 42. Ke4 gxf4 43. gxf4 Bc7 44. Nf5 Bd5+ 45. Ke3 Kf6 46. Nd6 Bxd6 47.
cxd6 Ke6 48. Bc5 b6 49. axb6 axb6 50. Bxb6 Kxd6 51. Bd4 g6 52. Be5+ Kd7 53. Kd4 Be6 54. Kc5 Bf5 55. Bd6 Be4 56. Be5 Bf5 57. Bd6 Be6 58. Be5 Bd5 59. Bd6 Ke6 60. Be5 Kf5 61. Bc7 Bf3 62. Kd4 Bd5 63. Bb8 Bg2 64. Bc7 Ke6 65. Bb8 Kd7 66. Be5 Ke6 67. Kc5 g5 68.
Bb8 g4 69. Kd4 Kf5 70. Ke3 Bd5 71. Kf2 Bf3 72. Kg3 Ke4 73. Be5 Kd5 74. Bf6 c5 75.
Bg7 Ke4 76. Bh8 c4 77. Bg7 Kf5 78. Bh8 Ke4 79. Bg7 Kf5 80. Bh8 Kg6 81. Bd4 Kf5 82.
Be5 Ke4 83. Bf6 Kf5 84. Bh8 1/2-1/2

[Event "*** SCC Grand Prix: Titled Tuesday Blitz"]
[Site "Chess.com"]
[Date "2020.07.07"]
[Round "10"]
[White "RaunakSadhwani2005"]
[Black "PaulfromSPb"]
[Result "1-0"]
[WhiteElo "2936"]
[BlackElo "2646"]
[TimeControl "180+1"]
[EndTime "12:00:16 PDT"]
[Termination "RaunakSadhwani2005 won by resignation"]

1. d4 Nf6 2. Bf4 d5 3. e3 c5 4. c3 Qb6 5. Qb3 c4 6. Qc2 Nc6 7. Nd2 g6 8. Ngf3 Bf5 9. Qc1 Nh5 10. Bg3 Bg7 11. b3 cxb3 12. axb3 Rc8 13. Qb2 O-O 14.
Be2 Rfe8 15. O-O Nxg3 16. hxg3 e5 17. dxe5 Nxe5 18. Nd4 Bd7 19. Rfc1 a6 20. Qa3 h5 21.
N2f3 Ng4 22. Qa5 Qd6 23. Rd1 Bh6 24. Nc2 Rc5 25. Qb4 Bf5 26. Bd3 Be6 27. Ra5 Rec8 28. Be2 Bf8 29. Rxc5 Rxc5 30. Ncd4 Bc8 31. Ng5 Qc7 32. c4 Rxc4 33. Qd2 Rc3 34. Ndf3 Rc2 35. Qd3 Bf5 36. e4 dxe4 37. Nxe4 Rc1 38. Nd4 Rxd1+ 39.
Bxd1 Bc8 40. Bxg4 hxg4 41. Nf6+ Kh8 42. Nd5 Qe5 43. Ne3 Bc5 44. Ndc2 Kg7 45. b4 Be7 46. Qd1 Qe4 47. Qa1+ Bf6 48. Qd1 Be6 49. Qd2 b6 50.
Ne1 Qb1 51. Kh2 Qb2 52. Qd1 Qxb4 53. Nd3 Qd4 54. Qe2 a5 55. Nf4 Bd7 56. Nxg4 Bxg4 57. Qxg4 Qe5 58. Qd1 b5 59. Qd7 a4 60. Nd3 Qd4 61.
Qxb5 a3 62. Nb4 Qb2 63. Qc4 Bc3 64. Na2 Bf6 65. f3 Qb1 66. Qd5 Qb2 67. f4 Qc2 68. g4 Qb1 69. g5 Bb2 70. Kg3 Qf1 71. Qb3 Qe1+ 72. Kf3 Qf1+ 73. Kg3 Qe1+ 74. Kf3 Qe7 75.
g3 Qc7 76. Qd5 Qc2 77. g4 Qc1 78. Nxc1 Bxc1 79. Qa2 Bb2 80. f5 Kf8 81. f6 Ke8 82.
Ke4 Kd7 83. Qxf7+ 1-0

[Event "*** SCC Grand Prix: Titled Tuesday Blitz"]
[Site "Chess.com"]
[Date "2020.07.07"]
[Round "10"]
[White "seorobert1971"]
[Black "kirillshevchenko"]
[Result "1/2-1/2"]
[WhiteElo "2713"]
[BlackElo "2941"]
[TimeControl "180+1"]
[EndTime "12:00:20 PDT"]
[Termination "Game drawn by repetition"]

1. c4 e5 2. Nc3 Nf6 3. Nf3 Nc6 4. g3 Bb4 5. Bg2 O-O 6. O-O Bxc3 7. bxc3 e4 8. Ng5 Re8 9. d3 e3 10. fxe3 h6 11.
Nf3 d5 12. cxd5 Nxd5 13. e4 Nxc3 14. Qc2 Nb5 15. Bb2 Bg4 16. a4 Nbd4 17. Nxd4 Nxd4 18. Bxd4 Qxd4+ 19. Kh1 Re7 20. Bf3 Be6 21. Rfc1 Rd8 22.
Qc5 Qxc5 23. Rxc5 Rd4 24. a5 b6 25. Rc3 Rb4 26. Rac1 c5 27. axb6 axb6 28. Ra3 g5 29. g4 Kg7 30. Kg2 Rb2 31. Kg3 Rc7 32. Rac3 Ra7 33.
h4 Kf6 34. R3c2 Rxc2 35. Rxc2 Ke5 36. hxg5 hxg5 37. Rb2 Rb7 38. e3 b5 39. Kf2 b4 40.
Ke1 Ra7 41. Kd2 Ra1 42. Bd1 Ra8 43. Rc2 Kd6 44. Rb2 Rh8 45. d4 Rh2+ 46. Kc1 Rxb2 47. Kxb2 c4 48. Be2 c3+ 49. Kc2 Bd7 50. e5+ Kd5 51.
Bf3+ Ke6 52. Be4 Ba4+ 53. Kd3 Bb5+ 54. Kc2 Bc4 55. Bf3 Bb5 56. Be4 Be2 57. Bf5+ Kd5 58. Bc8 Ke4 59. Bf5+ Kxe3 60. d5 Bb5 61. Kb3 Kd4 62.
Kxb4 Bd3 63. d6 Bxf5 64. gxf5 c2 65. d7 c1=Q 66. d8=Q+ Ke4 67. e6 Qb2+ 68. Ka4 fxe6 69.
fxe6 Qa2+ 70. Kb5 Qb3+ 71. Kc5 Qa3+ 72. Kc6 Qa4+ 73. Kd6 g4 74. e7 Qb4+ 75. Kc7 Qc5+ 76. Kb7 Qb5+ 77. Ka7 Qa4+ 78. Kb6 Qb4+ 79. Kc6 Qc4+ 80.
Kd6 Qd5+ 81. Kc7 Qc5+ 82. Kb7 Qb5+ 83. Qb6 Qd7+ 84. Qc7 Qb5+ 85. Kc8 Qe8+ 86. Qd8 Qc6+ 87.
Kb8 Qb5+ 88. Kc7 Qc5+ 1/2-1/2

[Event "*** SCC Grand Prix: Titled Tuesday Blitz"]
[Site "Chess.com"]
[Date "2020.07.07"]
[Round "10"]
[White "maciek_92"]
[Black "GadimbayliA"]
[Result "1-0"]
[WhiteElo "2695"]
[BlackElo "2879"]
[TimeControl "180+1"]
[EndTime "12:00:21 PDT"]
[Termination "maciek_92 won by resignation"]

1. f4 d5 2. Nf3 Nf6 3. g3 g6 4. Bg2 Bg7 5. O-O O-O 6. d3 c5 7. Qe1 Nc6 8. e4 dxe4 9. dxe4 Nd4 10. Nxd4 Qxd4+ 11. Kh1 e5 12. Nc3 exf4 13. gxf4 Bg4 14.
h3 Bh5 15. e5 Ne8 16. Be3 Qc4 17. b3 Qb4 18. a3 Qa5 19. Nd5 Qb5 20. a4 Qd7 21.
Bxc5 Nc7 22. Nxc7 Qxc7 23. Bxf8 Rxf8 24. c4 Rd8 25. Ra2 Qd7 26. Rff2 Qe7 27. Rad2 Re8 28. Qe4 Qh4 29. Qxb7 Bh6 30. Qe4 Bg4 31. Kh2 Bf5 32.
Qf3 Bf8 33. Qg3 Qh6 34. Rd5 Rb8 35. Rfd2 Kg7 36. Rd8 Rb6 37. R8d6 Bxd6 38. Rxd6 Rb8 39.
Qg5 Qxg5 40. fxg5 Rxb3 41. Bd5 Rxh3+ 42. Kg2 Rh5 43. Ra6 Rxg5+ 44. Kf2 Bc8 45. Rxa7 Rxe5 46. Rxf7+ Kh6 47. a5 Ba6 48. Ra7 Bc8 49. Rc7 Ba6 50.
Ra7 Bc8 51. a6 Rf5+ 52. Ke3 Rf6 53. Bb7 Bg4 54. Ra8 Rf1 55. a7 Ra1 56. c5 Kg5 57. c6 h5 58. c7 Ra3+ 59. Kd4 h4 60. c8=Q Bxc8 61. Bxc8 Ra1 62. Ke3 Ra3+ 63. Ke4 Ra4+ 64. Ke5 Ra5+ 65. Kd4 Ra4+ 66. Kd5 Ra1 67. Kc6 Rc1+ 68.
Kb6 Rb1+ 69. Kc7 Rc1+ 70. Kd6 Rd1+ 71. Ke7 Ra1 72. Bd7 Ra3 73. Kd6 Ra1 74. Be6 Rd1+ 75. Kc5 Ra1 76. Kb4 Ra6 77. Bc4 Ra1 78. Be6 Ra6 79.
Bc8 Ra1 80. Bd7 Rb1+ 81. Ka5 Rb7 82. Bc6 Rc7 83. Kb6 Rh7 84. Rc8 Rxa7 85. Kxa7 Kf4 86. Rh8 Kg3 87. Kb6 g5 88. Kc5 g4 89. Kd4 Kf2 90. Rxh4 g3 91. Rf4+ Kg1 92. Rg4 Kh2 93.
Ke3 1-0

[Event "*** SCC Grand Prix: Titled Tuesday Blitz"]
[Site "Chess.com"]
[Date "2020.07.07"]
[Round "10"]
[White "deep306"]
[Black "Semetey"]
[Result "1-0"]
[WhiteElo "2646"]
[BlackElo "2473"]
[TimeControl "180+1"]
[EndTime "12:00:21 PDT"]
[Termination "deep306 won by resignation"]

1. e4 c5 2. Nf3 e6 3. Nc3 a6 4. d4 cxd4 5. Nxd4 Qc7 6. Qd3 Nf6 7. Qg3 Qxg3 8. hxg3 Bb4 9. f3 d5 10. e5 Nfd7 11.
f4 Nc6 12. Be3 Bxc3+ 13. bxc3 Na5 14. Nb3 Nc4 15. Bxc4 dxc4 16. Na5 b5 17. O-O-O Rb8 18. Rd6 Bb7 19. Nxb7 Rxb7 20. Rhd1 Ke7 21. Rxa6 Rc8 22. Kb2 h5 23. Ka3 Nb8 24. Ra7 Rxa7+ 25. Bxa7 Nc6 26.
Bc5+ Ke8 27. Bd6 g6 28. g4 hxg4 29. Rh1 Kd7 30. Rh7 Nd8 31. Kb4 Kc6 32. a4 bxa4 33.
Kxa4 Nb7 34. Rxf7 Nxd6 35. exd6 Kxd6 36. Rf6 Kc5 37. Ka3 Ra8+ 38. Kb2 Kd5 39. Rxg6 Ke4 40. Rxg4 Kf5 41. Rg5+ Kxf4 42. Rc5 Ra4 43. Kc1 e5 44. Kd2 e4 45. Rc8 Ra5 46. Rf8+ Kg3 47. Ke3 Ra3 48. Rg8+ Kh2 49. Kd4 e3 50. Re8 Kxg2 51.
Rxe3 Kf2 52. Re8 Ra4 53. Rc8 Ke2 54. Rxc4 Ra2 55. Rc5 Rxc2 56. Re5+ Kf3 57. c4 Kf4 58. Re8 Kf5 59. Kd5 Rd2+ 60. Kc6 Kf6 61. c5 Kf7 62. Re3 Rc2 63. Kd6 Rd2+ 64. Kc7 Rc2 65. c6 Rd2 66. Kc8 Rc2 67. c7 Rc1 68. Re4 Kf6 69. Kd7 Rd1+ 70. Kc6 Rc1+ 71. Kd6 Kf7 72. Re5 Rd1+ 73. Rd5 Rc1 74. Rc5 Rd1+ 75. Kc6 Re1 76. c8=Q Re6+ 77. Kb5 1-0

[Event "*** SCC Grand Prix: Titled Tuesday Blitz"]
[Site "Chess.com"]
[Date "2020.07.07"]
[Round "10"]
[White "angryhorse9"]
[Black "Fortitudine"]
[Result "0-1"]
[WhiteElo "2382"]
[BlackElo "2276"]
[TimeControl "180+1"]
[EndTime "12:00:21 PDT"]
[Termination "Fortitudine won by resignation"]

1. e4 c5 2. Nf3 d6 3. Bb5+ Nd7 4. d4 cxd4 5. Qxd4 Nf6 6. c4 g6 7. Nc3 Bg7 8. Bxd7+ Bxd7 9. O-O O-O 10. Qd3 Rc8 11.
Be3 a6 12. a4 Qa5 13. b3 Bc6 14. Nd4 Ng4 15. Nxc6 bxc6 16. Bd4 Bxd4 17. Qxd4 Qe5 18.
Qxe5 Nxe5 19. Rab1 Rb8 20. Ne2 Rfc8 21. Rfd1 Rc7 22.
f4 Nd7 23. Nc1 Nc5 24. e5 dxe5 25. fxe5 Rd7 26. Rxd7 Nxd7 27. e6 fxe6 28. b4 Nb6 29. c5 Nxa4 30. Nd3 Nc3 31. Ra1 Nd5 32. Ra4 Rb5 33.
Kf2 Kg7 34. h3 Kf6 35. g3 g5 36. Kf3 h6 37. Kg4 Kg7 38. Kf3 Kf6 39. h4 gxh4 40. gxh4 Kf5 41. Rxa6 Nxb4 42. Nxb4 Rxb4 43. Rxc6 Rxh4 44.
Rc8 Rc4 45. c6 Rc3+ 46. Ke2 Ke4 47. c7 e5 48. Kd2 Rc6 49. Rh8 Rxc7 50. Rxh6 Kd4 51.
Rh4+ e4 52. Rh8 Ra7 53. Rb8 Ra2+ 54. Ke1 Ke3 55. Rb3+ Kf4 56. Rh3 e5 57. Rh4+ Ke3 58.
Rh3+ Kd4 59. Rb3 e3 60. Rb4+ Kc3 61. Re4 Kd3 0-1

[Event "*** SCC Grand Prix: Titled Tuesday Blitz"]
[Site "Chess.com"]
[Date "2020.07.07"]
[Round "10"]
[White "Fandorine"]
[Black "bgfbfbgfbgfgf"]
[Result "1/2-1/2"]
[WhiteElo "2881"]
[BlackElo "2671"]
[TimeControl "180+1"]
[EndTime "12:00:32 PDT"]
[Termination "Game drawn by agreement"]

1. e4 e5 2. Nf3 Nc6 3. Bc4 Nf6 4. d3 h6 5. c3 d6 6. Nbd2 g6 7. O-O Bg7 8. a4 a5 9. Re1 O-O 10. Nf1 d5 11. exd5 Nxd5 12. Ng3 Be6 13. Bd2 b6 14. Bb5 Nde7 15. Qc2 Kh7 16. h3 f5 17. Rad1 Qd6 18. Bc1 Rad8 19. h4 Bd5 20. Qe2 Qf6 21.
Nf1 Bb3 22. h5 g5 23. N3d2 Bxd1 24. Rxd1 Nd5 25. g3 Nce7 26. Bc4 Qc6 27. Nf3 Qd6 28.
Re1 Nc6 29. N3d2 Rde8 30. Bb5 Re7 31. Nc4 Qf6 32. Nfe3 Nxe3 33. Nxe3 Qd6 34. Nxf5 Rxf5 35. Qe4 Rf7 36. g4 Ne7 37. gxf5 Kh8 38. Bc4 Rxf5 39. Be3 Rf8 40. d4 Nf5 41. Bd3 exd4 42. cxd4 Bxd4 43.
Bxd4+ Qxd4 44. Qxd4+ Nxd4 45. Re7 c5 46. Rh7+ Kg8 47.
Rxh6 Rf3 48. Rg6+ Kf8 49. Bc4 Rf4 50. b3 Rh4 51. h6 Nf3+ 52. Kg2 Ne5 53. Rg8+ Ke7 54.
Rxg5 Nxc4 55. bxc4 Rxh6 56. Kf3 Rh4 57. Rg4 Rh1 58.
Rg6 Rb1 59. Ke4 Rd1 60. Rxb6 Rd4+ 61. Ke5 Rxc4 62. f4 Rxa4 63. Rb7+ Kf8 64. f5 Rh4 65. Ke6 Re4+ 66. Kf6 a4 67. Ra7 Ke8 68. Kg6 Rg4+ 69. Kf6 Re4 70. Ra5 Rc4 71. Ke6 Re4+ 72. Kd5 Rf4 73. Ke5 Rc4 74. f6 Kf7 75. Ra7+ Kf8 76. Kf5 Rc1 77. Ra8+ Kf7 78. Ra7+ Kf8 79. Ke6 Re1+ 80.
Kd5 Rf1 81. Kxc5 Rxf6 82. Rxa4 Rf5+ 83. Kd6 Rf6+ 84. Ke5 Rf7 85. Ra8+ Kg7 86. Ra6 Re7+ 87. Kf5 Rf7+ 88. Kg5 Rf1 89. Rg6+ Kf7 90. Ra6 Ke7 91. Ra4 Kd7 92. Re4 1/2-1/2